 Dungeon Crawl Stone Soup version 0.28-a0-895-g6e5f11bd55 (webtiles) character file.

Game seed: 14550190650124523024

24 siradein the Shooter (level 2, -2/23 HPs)
             Began as a Demonspawn Hunter on Nov 23, 2021.
             Slain by a hobgoblin (4 damage)
             ... on level 1 of the Dungeon.
             The game lasted 00:01:13 (762 turns).

siradein the Shooter (Demonspawn Hunter)             Turns: 762, Time: 00:01:13

Health: -2/23      AC:  3    Str: 12    XL:     2   Next: 79%
Magic:  2/2        EV: 11    Int: 12    God:
Gold:   0          SH:  7    Dex: 13    Spells: 1/1 levels left

rFire   . . .      SeeInvis .   f - +0 war axe
rCold   . . .      Faith    .   g - +0 buckler
rNeg    . . .      Spirit   .   c - +0 leather armour
rPois   .          Reflect  .   (no helmet)
rElec   .          Harm     .   (no cloak)
rCorr   .          Rampage  .   (no gloves)
Will    .....                   (no boots)
Stlth   ++........              (no amulet)
HPRegen 0.07/turn               (no ring)
MPRegen 0.08/turn               (no ring)

@: no status effects
A: condensation shield
a: no special abilities


You were on level 1 of the Dungeon.
You visited 1 branch of the dungeon, and saw 1 of its levels.

Inventory:

Hand Weapons
 a - a +1 shortbow
 f - a +0 war axe (weapon)
Missiles
 d - 20 arrows
Armour
 c - a +0 leather armour (worn)
 g - a +0 buckler (worn)
Scrolls
 b - a scroll of enchant armour {unknown}
 e - a scroll of fog {unknown}
Potions
 h - a potion of heal wounds {unknown}


   Skills:
 + Level 2.3 Fighting
 + Level 3.8 Bows
 + Level 2.1 Dodging
 + Level 1.4 Stealth


You had one spell level left.
You didn't know any spells.
Your spell library contained the following spells:

 Spells                   Type           Power      Damage    Failure   Level
 Sting                    Tmut/Pois      0%         1d3       58%         1
 Poisonous Vapours        Pois/Air       0%         N/A       73%         2
 Olgreb's Toxic Radiance  Pois           0%         N/A       100%        4


Dungeon Overview and Level Annotations

Branches:
Dungeon (1/15)

Altars:


Innate Abilities, Weirdness & Mutations

A meltable shield of frost defends you. (SH +4)


Message History

The bat barely misses you.
You see here a hobgoblin corpse.
You closely miss the bat. The bat hits you but does no damage.
The bat barely misses you. The bat hits you.
* * * LOW HITPOINT WARNING * * *
The bat hits you.
* * * LOW HITPOINT WARNING * * *
You closely miss the bat. The bat hits you but does no damage.
You block the bat's attack. The bat closely misses you.
You completely miss the bat. The bat hits you but does no damage.
The bat misses you. The bat barely misses you.
You hit the bat.
You kill the bat!
The jackal closely misses you.
You hit the jackal but do no damage.
The jackal is moderately wounded.
You block the jackal's attack. The jackal barely misses you.
The jackal misses you.
You slash the jackal!
You kill the jackal!
The jackal barely misses you. The jackal bites you.
* * * LOW HITPOINT WARNING * * *
You miss the jackal.
The jackal is lightly wounded.
You block the jackal's attack. The jackal closely misses you.
You closely miss the jackal.
The jackal is lightly wounded.
The jackal bites you.
* * * LOW HITPOINT WARNING * * *
The jackal barely misses you.
You hit the jackal.
You kill the jackal!
The hobgoblin barely misses you.
You hit the hobgoblin.
The hobgoblin is severely wounded.
The hobgoblin closely misses you.
You barely miss the hobgoblin.
The hobgoblin is severely wounded.
The hobgoblin closely misses you. The hobgoblin hits you.
You die...

##'#####.#.##
#........# # #+
#...###### ..
###...# ..
#.....### .
#.#####.. . #.#
#.# .## #g# #.####
#.# #@#####....#
#.#
#.##.......#####.#
#.#..###....##...#
#...## ###.......#
##..## #.#.#...#
##..#####..###...
##...#...## ###.
##....### ##..
#.<.## #..#


You could see a hobgoblin.

Vanquished Creatures
  3 bats (D:1)
  2 endoplasms (D:1)
  A giant cockroach (D:1)
  A goblin (D:1)
  A hobgoblin (D:1)
  7 jackals (D:1)
  A quokka (D:1)
  A frilled lizard (D:1)
  2 kobolds (D:1)
  A rat (D:1)
20 creatures vanquished.

Notes
Turn   | Place    | Note
-------+----------+-------------------------------------------
     0 | D:1      | siradein the Demonspawn Hunter began the quest for the Orb.
     0 | D:1      | Reached XP level 1. HP: 16/16 MP: 1/1
    49 | D:1      | Reached skill level 1 in Stealth
   268 | D:1      | Gained mutation: A meltable shield of frost defends you.
                  | (SH +4) [demonic ancestry]
   268 | D:1      | Reached XP level 2. HP: 8/22 MP: 2/2
   762 | D:1      | Slain by a hobgoblin

Illustrated notes

Levels and vault maps discovered:
D:1:      dpeg_arrival_arbitrary_b, layout_basic

Skill      XL: |  1 |
---------------+----+-----
Stealth        | 1 |  1.4
Dodging        | 2 |  2.1
Fighting       | |  2.3
Bows           | |  3.8

Action                   || total
-------------------------++-------
Melee: War axe           ||    57
 Stab: Sleeping          ||     1
Armor: Leather armour    ||    27
Dodge: Dodged            ||    51
Block: Buckler           ||    31

Table legend: (Time is in decaauts)
 A = Elapsed time spent in this place.
 B = Non-inter-level travel time spent in this place.
 C = Inter-level travel time spent in this place.
 D = Time resting spent in this place.
 E = Time spent auto-exploring this place.
 F = Levels seen in this place.
 G = Mean time per level.
                   A        B        C        D        E       F      G
               +--------+--------+--------+--------+--------+-----+--------+
         Total |    792 |    792 |      0 |      0 |    626 |   1 |  792.0 |
       Dungeon |    792 |    792 |      0 |      0 |    626 |   1 |  792.0 |
               +--------+--------+--------+--------+--------+-----+--------+

Top non-repeatable levels by time:
     D:1: 792 daAuts
